 Dungeon Crawl Stone Soup version 0.30-a0-953-g5f1da4a474 (webtiles) character file.

Game seed: 7428707984485395145

651 lesbiats the Cudgeller (level 7, -4/68 HPs)
             Began as a Troll Fighter on Mar 29, 2023.
             Slain by a troll (12 damage)
             ... on level 5 of the Dungeon.
             The game lasted 00:07:53 (3031 turns).

lesbiats the Cudgeller (Troll Fighter)              Turns: 3031, Time: 00:07:54

Health: -4/68      AC:  5    Str: 27      XL:     7   Next: 28%
Magic:  6/6        EV:  8    Int: 11      God:
Gold:   199        SH:  6    Dex:  3 (6)  Spells: 6/6 levels left

rFire   . . .      SeeInvis .    a - +0 flail
rCold   . . .      Faith    .    c - +0 kite shield
rNeg    . . .      Spirit   .    r - +0 robe "Relir" {rCorr Int+7 Dex-3 Archmagi}
rPois   .          Reflect  .    (helmet restricted)
rElec   .          Rampage  .    p - +0 cloak
rCorr   +          Archmagi +    (gloves unavailable)
Will    .....                    (boots unavailable)
Stlth   +                        (no amulet)
HPRegen 1.11/turn                (no ring)
MPRegen 0.10/turn                (no ring)

@: no status effects
A: large, unfitting armour, claws 3, regeneration 1, shaggy fur 1, tough skin 1
a: no special abilities


You were on level 5 of the Dungeon.
You visited 1 branch of the dungeon, and saw 5 of its levels.

You collected 199 gold pieces.

Inventory:

Hand Weapons
 a - a +0 flail (weapon)
 j - the +3 trident "Qeuf" {elec, Will+ Dex+3 SInv}
   (You found it on level 2 of the Dungeon)

   Dex:       It affects your dexterity (+3).
   SInv:      It lets you see invisible.
   Will:      It increases your willpower.
Missiles
 f - 2 poisoned darts (quivered)
 u - 2 javelins
Armour
 b - a +0 robe
 c - a +0 kite shield (worn)
 p - a +0 cloak (worn)
 r - the +0 robe "Relir" (worn) {rCorr Int+7 Dex-3 Archmagi}
   (You found it on level 3 of the Dungeon)

   Int:       It affects your intelligence (+7).
   Dex:       It affects your dexterity (-3).
   rCorr:     It protects you from acid and corrosion.
   Archmagi:  It increases the power of your magical spells.
Wands
 s - a wand of roots (15)
Scrolls
 d - a scroll of fog {unknown}
 g - a scroll of amnesia {unknown}
 k - a scroll of silence {unknown}
 l - 3 scrolls of teleportation
 q - a scroll of vulnerability {unknown}
 v - 2 scrolls of poison
Potions
 e - a potion of lignification {unknown}
 h - 2 potions of attraction {unknown}
 m - 2 potions of curing
 n - a potion of berserk rage
 o - 2 potions of haste
 t - a potion of degeneration {unknown}


   Skills:
 + Level 3.9 Fighting
 * Level 5.0 Maces & Flails
 + Level 2.6 Throwing
 + Level 3.7 Dodging
 - Level 2.6 Shields


You had 6 spell levels left.
You didn't know any spells.
Your spell library was empty.

Dungeon Overview and Level Annotations

Branches:
Dungeon (5/15)
 Temple: D:4-7

Altars:
Xom


Innate Abilities, Weirdness & Mutations

You are too large for most types of armour.
You have claws for hands.
Your natural rate of healing is unusually fast.
You are covered in fur. (AC +1)
You have tough skin. (AC +1)


Message History

Okay, then.
Throw: 7 darts (poison)
Press: ? - help, Shift-Dir - straight line, f - troll
Aim: a troll (50% to hit)
You throw a poisoned dart.
The poisoned dart barely misses the troll.
Throw: 6 darts (poison)
Press: ? - help, Q - select action, (/) - cycle Shift-Dir - straight line, f/p - troll
Aim: a troll (50% to hit)
You throw a poisoned dart.
The poisoned dart barely misses the troll.
Throw: 5 darts (poison)
Press: ? - help, Q - select action, (/) - cycle Shift-Dir - straight line, f/p - troll
Aim: a troll (50% to hit)
You throw a poisoned dart. The poisoned dart hits the troll.
The troll is poisoned.
Throw: 4 darts (poison)
Press: ? - help, Q - select action, (/) - cycle Shift-Dir - straight line, f/p - troll
Aim: a troll (lightly wounded, poisoned, 50% to hit)
You throw a poisoned dart. The poisoned dart hits the troll.
The troll looks even sicker.
The troll is lightly wounded.
Throw: 3 darts (poison)
Press: ? - help, Q - select action, (/) - cycle Shift-Dir - straight line, f/p - troll
Aim: a troll (lightly wounded, very poisoned, 50% to hit)
You throw a poisoned dart. The poisoned dart hits the troll.
The troll is lightly wounded.
You block the troll's attack. The troll claws you! x2
You hit the troll.
The troll is lightly wounded.
The troll closely misses you. You block the troll's attack.
The troll claws you! The troll bites you. The troll claws you.
The troll claws you!
* * * LOW HITPOINT WARNING * * *
The troll attacks as you move away! The troll bites you!
* * * LOW HITPOINT WARNING * * *
The troll closely misses you. The troll claws you but does no damage.
The troll attacks as you move away! You block the troll's attack.
The troll claws you!
You die...

#...).....# ####.#
#####.####.###....#
#+#...#'# #.....#..#
#.......#####.#.....#
....[......#.#+#.....#
#.........##...###...#
+.........'......#...#
##.......##......#...#
#.......#..@T...#...#
####+####.......'...#
#.......#(..#
##......#(..#
+......#.....
##...###..#### #.#+#
(.. ### #... .((


You could see a troll (poisoned).

Vanquished Creatures
  Eustachio (D:4)
  A phantom (D:4)
  4 crimson imps (D:4)
  A jelly (D:4)
  An orc priest (D:4)
  3 orc wizards
  A sleepcap (D:4)
  4 adders
  An ufetubus (D:5)
  A worm (D:2)
  2 dart slugs
  15 orcs
  4 ball pythons
  8 bats
  5 endoplasms
  2 giant cockroaches
  9 goblins
  4 hobgoblins
  A jackal (D:1)
  3 quokkas
  2 frilled lizards
  7 kobolds
  6 rats
86 creatures vanquished.

Notes
Turn   | Place    | Note
-------+----------+-------------------------------------------
     0 | D:1      | lesbiats the Troll Fighter began the quest for the Orb.
     0 | D:1      | Reached XP level 1. HP: 22/22 MP: 0/0
   125 | D:1      | Reached skill level 2 in Maces & Flails
   178 | D:1      | Reached XP level 2. HP: 28/29 MP: 1/1
   497 | D:1      | Reached XP level 3. HP: 36/36 MP: 2/2
   755 | D:2      | Identified the +3 trident "Qeuf" {elec, Will+ Dex+3 SInv}
  1460 | D:3      | Reached XP level 4. HP: 39/42 MP: 3/3
  1465 | D:3      | Reached skill level 3 in Maces & Flails
  1639 | D:3      | Identified the +0 robe "Relir" {rCorr Int+7 Dex-3 Archmagi}
  1693 | D:3      | Reached skill level 1 in Throwing
  2178 | D:4      | Noticed a phantom
  2183 | D:4      | Reached XP level 5. HP: 42/53 MP: 4/4
  2193 | D:4      | Killed a phantom
  2243 | D:4      | Found a shimmering altar of Xom.
  2269 | D:4      | Reached skill level 4 in Maces & Flails
  2269 | D:4      | Reached XP level 6. HP: 61/61 MP: 5/5
  2774 | D:4      | Noticed Eustachio
  2818 | D:4      | Killed Eustachio
  2819 | D:4      | Reached skill level 5 in Maces & Flails
  2819 | D:4      | Reached XP level 7. HP: 56/68 MP: 2/6
  2950 | D:5      | Entered Level 5 of the Dungeon
  3019 | D:5      | Noticed a troll
  3031 | D:5      | Slain by a troll

Illustrated notes

Levels and vault maps discovered:
D:1:      spicycebolla_green_bress_n_ham_2, layout_basic, st_stairs_7,
          minmay_misc_feat_doors, minmay_misc_feat_ornament,
          nicolae_figureground_pulse
D:2:      layout_basic
D:3:      layout_basic
D:4:      layout_loops_ring, led_xom_imps, uniq_eustachio
D:5:      nicolae_cairo_tiling_very_big, layout_basic, lightli_temple_of_fire

Skill      XL: |  1  2  3  4  5  6 |
---------------+-------------------+-----
Maces & Flails | 2 3 4 5 |  5.0
Fighting       | 3 |  3.9
Throwing       | 1 2 |  2.6
Dodging        | 3 |  3.7
Shields        | |  2.6

Action                     |  1- 3 |  4- 6 |  7- 9 || total
---------------------------+-------+-------+-------++-------
  Melee: Flail             |    94 |   237 |    12 ||   343
  Throw: Javelin           |       |     2 |       ||     2
         Dart              |       |       |     5 ||     5
    Use: Potion            |       |     2 |       ||     2
         Scroll            |       |       |     4 ||     4
 Armour: Robe              |    41 |   132 |     7 ||   180
  Dodge: Dodged            |    46 |    93 |     8 ||   147
  Block: Kite shield       |    51 |   106 |    16 ||   173

Table legend: (Time is in decaauts)
 A = Elapsed time spent in this place.
 B = Non-inter-level travel time spent in this place.
 C = Inter-level travel time spent in this place.
 D = Time resting spent in this place.
 E = Time spent auto-exploring this place.
 F = Levels seen in this place.
 G = Mean time per level.
                   A        B        C        D        E       F      G
               +--------+--------+--------+--------+--------+-----+--------+
         Total |   3163 |   3057 |    106 |     90 |   2120 |   5 |  632.6 |
       Dungeon |   3163 |   3057 |    106 |     90 |   2120 |   5 |  632.6 |
               +--------+--------+--------+--------+--------+-----+--------+

Top non-repeatable levels by time:
     D:4: 866 daAuts
     D:2: 748 daAuts
     D:1: 738 daAuts
     D:3: 725 daAuts
     D:5: 83 daAuts
